Map: Echo of the past

Players

Tesla

  • Race: Protoss Protoss

TURELIUS - Winner!

  • Race: Terran Terran

VOD

Have the link to the VOD?

Description

Echo of the past (57) Protoss vs Terran

Time

  • Played on: July 31, 2016, 2:09 p.m.
  • Length: 12:51
Show
View Real Time Build Order
Export as new Build Order

Tesla Protoss 

Build Orders:  

Get SALT Encoding   

  12  0:00  Probe (Chrono Boost)  
  13  0:11  Probe (Chrono Boost)  
  14  0:20  Pylon  
  14  0:22  Probe (Chrono Boost)  
  15  0:38  Probe (Chrono Boost), Gateway  
  16  0:49  Probe (Chrono Boost), Assimilator  
  17  0:59  Probe (Chrono Boost)  
  18  1:06  Pylon  
  18  1:10  Probe (Chrono Boost)  
  19  1:20  Probe (Chrono Boost)  
  19  1:25  Cybernetics Core  
  20  1:31  Probe (Chrono Boost)  
  21  1:41  Probe (Chrono Boost)  
  21  1:46  Warp Gate  
  22  1:51  Nexus  
  21  1:59  Probe (Chrono Boost)  
  22  2:09  Assimilator  
  22  2:12  Mothership Core (Chrono Boost)  
  24  2:24  Adept  
  26  2:32  Probe (Chrono Boost)  
  28  2:44  Probe (Chrono Boost)  
  28  2:54  Gateway  
  28  2:55  Gateway  
  28  2:56  Probe (Chrono Boost)  
  29  3:00  Pylon  
  29  3:04  Assimilator  
  29  3:05  Probe (Chrono Boost)  
  30  3:07  Assimilator  
  30  3:09  Adept  
  33  3:14  Probe (Chrono Boost)  
  33  3:15  Probe (Chrono Boost)  
  34  3:25  Forge  
  34  3:31  Probe (Chrono Boost)  
  36  3:34  Probe (Chrono Boost)  
  36  3:42  Probe (Chrono Boost)  
  36  3:45  Probe (Chrono Boost), Protoss Ground Weapons Level 1  
  36  3:47  Robotics Facility  
  38  3:52  Probe (Chrono Boost), Sentry  
  38  3:54  Sentry  
  44  3:55  Probe (Chrono Boost)  
  44  4:05  Probe (Chrono Boost)  
  44  4:09  Adept  
  47  4:18  Pylon  
  47  4:19  Probe (Chrono Boost)  
  47  4:21  Probe (Chrono Boost)  
  49  4:24  Stalker  
  49  4:30  Probe (Chrono Boost)  
  52  4:33  Probe (Chrono Boost)  
  53  4:39  Pylon  
  53  4:44  Pylon, Observer  
  54  4:48  Pylon, Probe (Chrono Boost)  
  54  4:51  Probe (Chrono Boost)  
  56  4:54  Stalker  
  56  4:59  Probe (Chrono Boost)  
  59  5:03  Probe (Chrono Boost), Sentry  
  59  5:04  Adept  
  59  5:05  Observer  
  65  5:18  Stargate  
  65  5:23  Probe (Chrono Boost), Gateway  
  65  5:25  Probe (Chrono Boost)  
  65  5:26  Pylon  
  67  5:32  Immortal  
  71  5:40  Adept x2  
  75  5:45  Stalker  
  75  5:49  Probe (Chrono Boost)  
  79  5:51  Probe (Chrono Boost)  
  79  5:52  Protoss Ground Armor Level 1  
  79  6:03  Adept x2  
  83  6:10  Phoenix  
  85  6:11  Immortal  
  85  6:15  Stalker  
  83  6:26  Stalker x3  
  79  6:45  Stalker  
  81  6:50  Warp Prism  
  81  6:53  Stalker x2  
  81  6:54  Stalker  
  89  7:12  Stalker  
  89  7:14  Phoenix  
  87  7:25  Pylon  
  87  7:26  Immortal  
  91  7:33  Stalker  
  93  7:41  Pylon  
  93  7:42  Pylon, Void Ray  
  93  7:43  Pylon  
  91  7:45  Pylon  
  91  7:47  Pylon  
  75  8:00  Stalker x4  
  83  8:13  Immortal  
  79  8:24  Stalker  
  79  8:25  Stalker x3  
  71  8:48  Stalker x3  
  71  8:52  Immortal  
  79  8:59  Gateway  
  79  9:00  Gateway  
  79  9:03  Pylon  
  75  9:11  Stalker  
  75  9:16  Stalker  
  64  9:17  Stalker  
  65  9:24  Probe (Chrono Boost)  
  68  9:31  Pylon, Mothership Core (Chrono Boost)  
  68  9:34  Stalker  
  70  9:41  Warp Prism  
  72  9:48  Twilight Council  
  72  9:56  Probe (Chrono Boost)  
  72  9:57  Probe (Chrono Boost), Adept  
  72  9:58  Sentry  
  78  10:00  Sentry  
  78  10:04  Adept  
  82  10:10  Stalker  
  82  10:13  Adept  
  86  10:24  Probe (Chrono Boost)  
  86  10:26  Probe (Chrono Boost)  
  86  10:27  Adept  
  86  10:28  Adept  
  92  10:32  Stalker  
  94  10:37  Phoenix  
  94  10:50  Stalker x2  
  98  11:00  Stalker x2  
  84  11:06  Adept  
  84  11:07  Adept  
  74  11:14  Stalker x2  
  64  11:24  Stalker  
  64  11:25  Stalker  
  59  11:34  Adept  
  59  11:35  Adept  
  59  11:37  Observer  
  59  11:38  Phoenix  
  66  11:41  Probe (Chrono Boost)  
  67  11:51  Probe (Chrono Boost)  
  68  12:03  Void Ray  
  72  12:12  Pylon  
  72  12:13  Mothership Core (Chrono Boost)  
  74  12:18  Probe (Chrono Boost)  
  74  12:41  Stalker  
  74  12:42  Stalker x4  
Show
View Real Time Build Order
Export as new Build Order

TURELIUS Terran - Winner!

Build Orders: Reaper Expand, MMM Bio 

Get SALT Encoding   

  12  0:02  SCV  
  14  0:14  SCV  
  14  0:17  Supply Depot  
  14  0:26  SCV  
  15  0:39  SCV  
  15  0:41  Barracks  
  16  0:45  Refinery  
  16  0:51  SCV  
  17  1:03  SCV  
  18  1:15  SCV  
  19  1:28  Orbital Command, Reaper  
  20  1:55  Command Center, Supply Depot  
  20  2:00  Barracks Reactor  
  21  2:01  SCV  
  21  2:15  SCV  
  22  2:24  Factory  
  22  2:27  SCV  
  23  2:37  Marine x2  
  25  2:48  SCV  
  25  2:53  Engineering Bay  
  25  2:54  Refinery  
  25  2:58  Barracks  
  25  3:00  Barracks, SCV  
  25  3:03  Marine x2  
  28  3:10  Orbital Command  
  28  3:14  SCV  
  29  3:21  Terran Infantry Weapons Level 1  
  29  3:27  Marine x2  
  29  3:29  SCV  
  32  3:38  SCV  
  33  3:41  SCV  
  33  3:44  Barracks Tech Lab  
  33  3:47  Marine x3  
  37  3:48  Widow Mine  
  37  3:50  SCV  
  41  3:55  Supply Depot, SCV  
  41  4:04  SCV  
  41  4:05  Stimpack  
  42  4:10  Starport  
  42  4:11  SCV  
  42  4:13  Marine  
  42  4:15  Marine  
  45  4:17  SCV  
  45  4:19  Factory Reactor  
  45  4:23  SCV, Marauder  
  49  4:28  Supply Depot  
  49  4:30  SCV  
  50  4:33  Marine x2  
  52  4:39  Supply Depot, SCV  
  52  4:42  SCV  
  54  4:51  SCV  
  55  4:54  SCV  
  55  4:58  Marine x2  
  55  4:59  Marine  
  59  5:00  Marauder  
  59  5:03  Medivac x2  
  65  5:07  Supply Depot  
  65  5:08  SCV x2  
  67  5:20  Barracks Tech Lab  
  67  5:21  Marine x3  
  67  5:28  Command Center, Supply Depot, Terran Infantry Armor Level 1  
  70  5:29  SCV x2  
  72  5:36  Refinery  
  72  5:38  Refinery  
  72  5:41  Combat Shields  
  72  5:48  Marauder, Marine  
  75  5:50  SCV  
  75  5:51  SCV  
  77  6:01  Factory Reactor  
  77  6:02  SCV  
  78  6:07  SCV  
  79  6:15  SCV  
  80  6:19  SCV  
  73  6:25  Marine x2  
  73  6:26  Marauder  
  76  6:35  SCV x2  
  70  6:48  SCV x2, Marine x2  
  70  6:49  Marauder x2  
  78  6:55  Orbital Command  
  78  7:06  Marine  
  77  7:10  Barracks  
  77  7:11  Barracks  
  77  7:12  Barracks  
  77  7:13  Medivac x2  
  77  7:14  Barracks  
  81  7:21  SCV  
  79  7:23  SCV  
  79  7:24  Marine  
  79  7:25  Marine  
  79  7:26  Liberator x2  
  81  7:33  SCV  
  83  7:39  Orbital Command  
  80  7:45  Marine  
  80  7:46  Marauder  
  80  7:48  SCV  
  80  7:50  SCV  
  80  7:51  Marauder, Marine  
  80  7:58  Marine  
  71  7:59  Marine  
  71  8:00  SCV, Marine  
  71  8:02  SCV  
  71  8:03  Marine  
  71  8:05  SCV  
  71  8:06  Marine  
  71  8:07  Marine  
  71  8:08  Marine  
  71  8:12  SCV, Marine  
  69  8:14  SCV  
  69  8:16  Marine  
  69  8:17  SCV, Marine  
  69  8:18  Marine  
  64  8:21  Marine  
  64  8:24  Marine  
  64  8:25  Marauder  
  64  8:26  Medivac x2  
  69  8:32  Marine x2  
  70  8:43  SCV x3  
  70  8:44  Barracks Reactor, Marine x3  
  70  8:45  Marine  
  70  8:46  Marauder  
  79  8:50  Marine  
  79  8:51  Marauder  
  80  8:55  SCV x2  
  80  8:56  SCV  
  80  9:02  Marine  
  84  9:08  SCV, Marauder  
  85  9:13  SCV  
  85  9:16  Marauder, Marine x4  
  86  9:17  SCV  
  86  9:20  Marine  
  86  9:21  SCV  
  89  9:25  SCV  
  89  9:29  SCV, Marine  
  92  9:33  SCV, Marine  
  92  9:34  Medivac x2, Marine  
  92  9:37  Command Center  
  99  9:38  Armory  
  99  9:40  Engineering Bay, SCV  
  99  9:41  SCV  
  99  9:43  Refinery  
  99  9:44  Refinery  
  101  9:49  Supply Depot  
  101  9:50  Supply Depot  
  101  9:51  Supply Depot  
  101  9:54  Barracks Tech Lab x3  
  101  10:05  Marauder, SCV x3, Marine x2  
  108  10:17  SCV x3  
  108  10:19  Marauder x4  
  119  10:27  Marine x2  
  119  10:28  Marauder, Marine x2  
  125  10:29  SCV  
  126  10:40  Marauder  
  126  10:41  Marauder  
  130  10:48  Liberator x2  
  126  10:58  Marauder, Marine x2  
  126  10:59  SCV  
  126  11:03  Marauder, Marine  
  120  11:04  Marauder, Marine x3  
  125  11:15  Marine  
  119  11:24  Marine x3  
  119  11:25  Marauder, Marine  
  122  11:33  Marauder, Marine  
  122  11:34  Marauder x2  
  129  11:42  Orbital Command, Marine x2  
  131  11:48  Missile Turret  
  131  12:11  Marine x2  
  131  12:12  Marauder x4, Marine x3  
  144  12:18  Supply Depot  
  144  12:19  Starport  
  144  12:20  Supply Depot  
  144  12:21  Starport, Supply Depot  
Tags
 
Add a new tag
Caveats
  • Supply blocks, unpowered buildings, or Contaminate may cause inaccurate times.
  • Supply counts are checked every 10 seconds.